 Dungeon Crawl Stone Soup version 0.31-a0-1547-g618ab1f346 (webtiles) character file.

Game seed: 2423664945999919335

20830 paavali the Fighter (level 12, -11/85 HPs)
             Began as a Gargoyle Fighter on Jan 2, 2024.
             Was the Champion of Okawaru.
             Mangled by a skeletal warrior
             ... wielding a +4 vampiric glaive
              (27 damage)
             ... on level 12 of the Dungeon.
             The game lasted 00:24:17 (12422 turns).

paavali the Fighter (Gargoyle Fighter)             Turns: 12422, Time: 00:24:18

Health: -11/85     AC: 23    Str: 27    XL:     12   Next: 83%
Magic:  17/19      EV: 14    Int: 10    God:    Okawaru [******]
Gold:   882        SH:  5    Dex:  9    Spells: 11/11 levels left

rFire   + + .        b - +1 hand axe (elec)
rCold   + + .        c - +0 buckler
rNeg    + . .        w - +0 plate armour of the Lair of Beasts {Fly rC+ Str+3}
rPois   ∞            (no helmet)
rElec   +            t - scarf {rC+ rF+}
rCorr   .            (no gloves)
SInv    .            (no boots)
Will    .....        a - amulet of faith Stlth
                     m - +5 ring of evasion
HPRegen 0.34/turn    P - ring of protection from fire
MPRegen 0.16/turn

%: faith
@: heroic, flying
A: sickness immunity, AC +8, negative energy resistance 1, electricity
resistance, torment resistance 1, petrification resistance
a: Renounce Religion, Heroism, Finesse, Duel, Receive Weapon, Receive Armour


You were on level 12 of the Dungeon.
You worshipped Okawaru.
Okawaru was exalted by your worship.
You visited 2 branches of the dungeon, and saw 13 of its levels.

You collected 882 gold pieces.

Inventory:

Hand Weapons
 b - a +1 hand axe of electrocution (weapon)
 u - a +2 war axe of draining
 L - a +4 flail
Missiles
 f - 17 poisoned darts
 n - 2 throwing nets
 M - 2 curare-tipped darts
Armour
 c - a +0 buckler (worn)
 t - a scarf of resistance (worn)
 w - the +0 plate armour of the Lair of Beasts (worn) {Fly rC+ Str+3}
   (You found it on level 7 of the Dungeon)

   Str+3:     It affects your strength (+3).
   rC+:       It protects you from cold.
   Fly:       It grants you flight.
Jewellery
 a - an amulet of faith (around neck)
 m - a +5 ring of evasion (left hand)
 r - an amulet of reflection
 G - a ring of ice
 O - a +6 ring of dexterity
 P - a ring of protection from fire (right hand)
Wands
 g - a wand of flame (18)
 j - a wand of paralysis (6)
 B - a wand of iceblast (15)
 I - a wand of mindburst (2)
 R - a wand of acid (3)
Scrolls
 e - 3 scrolls of enchant weapon
 i - 3 scrolls of teleportation
 q - a scroll of enchant armour {unknown}
 v - 2 scrolls of blinking {unknown}
 x - a scroll of revelation {unknown}
 y - 2 scrolls of brand weapon {unknown}
 z - a scroll of fog
 C - a scroll of vulnerability {unknown}
 E - a scroll of identify
 H - a scroll of silence
 N - a scroll of amnesia
Potions
 d - 2 potions of might
 h - 3 potions of ambrosia
 k - 2 potions of curing
 l - 2 potions of heal wounds
 o - a potion of invisibility
 p - a potion of berserk rage
 s - 3 potions of enlightenment {unknown}
 A - 2 potions of brilliance
 D - a potion of lignification
 F - a potion of resistance {unknown}
 J - a potion of cancellation {unknown}
 Q - a potion of mutation {!q}
Miscellaneous
 K - a lightning rod (4/4)


   Skills:
 - Level 14.0(19.0) Fighting
 + Level 12.7(17.7) Axes
 - Level 5.0(10.0) Armour
 - Level 4.0(9.0) Shields
 - Level 10.0 Invocations


You had 11 spell levels left.
You didn't know any spells.
Your spell library contained the following spells:

 Spells                   Type           Power      Damage    Failure   Level
 Apportation              Tloc           0%         N/A       98%         1
 Freeze                   Ice            0%         1d3       98%         1
 Necrotise                Necr           0%         1d4       98%         1
 Sting                    Conj/Alch      0%         1d3       98%         1
 Ensorcelled Hibernation  Hex/Ice        0%         N/A       99%         2
 Jinxbite                 Hex            0%         N/A       99%         2
 Mercury Vapours          Alch/Air       0%         N/A       99%         2
 Scorch                   Fire           0%         2d5       99%         2
 Dazzling Flash           Conj/Hex       0%         N/A       100%        3
 Frozen Ramparts          Ice            0%         1d1       100%        3
 Hailstorm                Conj/Ice       0%         3d5       100%        3
 Passwall                 Erth           0%         N/A       100%        3
 Swiftness                Air            0%         N/A       100%        3
 Vampiric Draining        Necr           0%         2d6       100%        3
 Volatile Blastmotes      Fire/Tloc      0%         2d10      100%        3
 Anguish                  Hex/Necr       0%         N/A       100%        4
 Cause Fear               Hex            0%         N/A       100%        4
 Flame Wave               Conj/Fire      0%         2d4       100%        4
 Fulminant Prism          Conj/Alch      0%         3d5       100%        4
 Ignite Poison            Fire/Alch      0%         N/A       100%        4
 Iskenderun's Mystic Bla  Conj/Tloc      0%         2d3       100%        4
 Olgreb's Toxic Radiance  Alch           0%         N/A       100%        4
 Sticky Flame             Fire/Alch      0%         2d4       100%        4
 Alistair's Intoxication  Alch           0%         N/A       100%        5
 Curse of Agony           Necr           0%         N/A       100%        5
 Starburst                Conj/Fire      0%         6d3       100%        6
 Enfeeble                 Hex            0%         N/A       100%        7
 Ignition                 Fire           0%         3d3       100%        8
 Maxwell's Capacitive Co  Air            0%         ∞         100%        8
 Summon Ice Beast         Ice/Summ       Unusable   N/A       N/A         3
 Martyr's Knell           Necr/Summ      Unusable   N/A       N/A         4
 Summon Mana Viper        Hex/Summ       Unusable   N/A       N/A         5
 Summon Cactus Giant      Summ           Unusable   N/A       N/A         6
 Monstrous Menagerie      Summ           Unusable   N/A       N/A         7

Dungeon Overview and Level Annotations

Branches:
Dungeon (12/15)            Temple (1/1) D:5            Lair (0/5) D:11
    Orc (0/2) D:11

Altars:
Ashenzari
Cheibriados
Dithmenos
Elyvilon
Fedhas
Gozag
Hepliaklqana
Kikubaaqudgha
Makhleb
Nemelex Xobeh
Okawaru
Qazlal
Ru
Sif Muna
Trog
Uskayaw
Vehumet
Wu Jian
Xom
Yredelemnul
Zin
The Shining One

Shops:
D:6 (   D:7 ((

Annotations:
D:12 3 runed translucent doors, Tiptad's ghost, journeyman OnCA; Yhoug's ghost, journeyman MiFi


Innate Abilities, Weirdness & Mutations

You are immune to sickness and miasma.
Your stone body is resilient. (AC +8)
You are immune to poison.
You resist negative energy. (rN+)
You are resistant to electric shocks. (rElec)
You are resistant to unholy torment.
You are immune to petrification.


Message History

The skeletal warrior hits you with a +4 vampiric glaive!!
You closely miss the skeletal warrior.
The skeletal warrior is moderately damaged.
The skeletal warrior hits you with a +4 vampiric glaive.
You hit the skeletal warrior.
The skeletal warrior is moderately damaged.
The skeletal warrior hits you but does no damage.
You hear the crackle of electricity.
b - a +1 hand axe of electrocution (weapon)
You barely miss the skeletal warrior.
The skeletal warrior is moderately damaged.
The skeletal warrior hits you but does no damage.
You hit the skeletal warrior.
The skeletal warrior is heavily damaged.
The skeletal warrior hits you but does no damage.
You slash the skeletal warrior!
The skeletal warrior is severely damaged.
The skeletal warrior hits you with a +4 vampiric glaive.
You hit the skeletal warrior but do no damage.
The skeletal warrior is severely damaged.
You barely miss the skeletal warrior.
The skeletal warrior is severely damaged.
The skeletal warrior hits you with a +4 vampiric glaive!
* * * LOW HITPOINT WARNING * * *
You hit the skeletal warrior but do no damage.
The skeletal warrior is severely damaged.
The skeletal warrior closely misses you.
You hit the skeletal warrior.
Lightning courses through the skeletal warrior!
The skeletal warrior is almost destroyed.
You hit the skeletal warrior.
The skeletal warrior is almost destroyed.
The skeletal warrior barely misses you.
You gain the combat prowess of a mighty hero.
The skeletal warrior hits you with a +4 vampiric glaive.
* * * LOW HITPOINT WARNING * * *
You hit the skeletal warrior but do no damage.
The skeletal warrior is almost destroyed.
The skeletal warrior hits you with a +4 vampiric glaive!!
You die...

···················▒
▒·▒·▒▒▒▒▒··▒▒▒▒▒·▒·▒
····▒▒▒▒▒··▒ ▒·▒·▒ ▒·······▒
▒··········▒▒▒▒▒·▒·▒ ▒·▒·▒·▒··
▒▒▒·▒▒▒▒▒··········▒ ▒···z···▒
▒·▒ ▒▒▒▒▒▒▒▒·▒▒▒ ▒▒·▒·▒·▒·▒ ▒·▒
▒·········▒ ▒·······)▒
▒·▒▒▒▒▒▒·▒▒▒▒▒·▒·▒ ▒··▒·▒·▒·▒
▒·▒··········▒▒@▒▒▒▒▒▒········▒
▒▒▒·▒▒▒··········z·······$···▒
▒ ▒▒
▒··········▒▒▒▒▒▒▒▒▒······· ▒
▒·)▒▒·▒▒▒▒··············▒▒· ▒
▒▒▒▒(·▒▒·▒ ▒··▒▒▒▒▒▒▒▒·▒▒▒▒
▒▒▒·····▒▒·▒ ▒· ▒ ·▒
····▒▒·▒▒▒·▒ ▒· ▒▒ ▒▒▒▒▒▒·▒ ▒··
·· ▒·▒ ▒▒


You could see a skeletal warrior.

Vanquished Creatures
  3 two-headed ogres
  10 death yaks (D:11)
  Pikel (D:9)
  A deep elf pyromancer (D:12)
  An ugly thing (D:10)
  A cyclops (D:11)
  2 gargoyles
  An unseen horror (D:10)
  Maggie (D:6)
  A kobold demonologist (D:11)
  Psyche (D:8)
  2 hornets
  4 trolls
  2 slime creatures (D:11)
  3 wyverns
  19 yaks
  2 wraiths
  Duvessa (D:5)
  An acid dragon (D:9)
  2 water moccasins (D:7)
  5 orc warriors
  2 ice beasts
  A black bear (D:6)
  A centaur (D:8)
  6 kobold brigands
  4 bullfrogs
  2 scorpions
  A gnoll sergeant (D:10)
  10 wights
  Dowan (D:5)
  16 killer bees
  8 howler monkeys
  5 electric eels (D:11)
  4 hounds
  2 gnoll boudas
  4 orc priests
  6 iguanas
  4 sleepcaps
  9 orc wizards
  Robin (D:3)
  13 gnolls
  8 adders
  5 white imps
  2 ufetubi (D:4)
  4 dart slugs
  4 ribbon worms
  34 orcs
  8 endoplasms
  4 giant cockroaches
  15 goblins
  8 hobgoblins
  2 quokkas (D:1)
  6 ball pythons
  7 bats
  5 frilled lizards
  11 kobolds
  6 rats
293 creatures vanquished.

Vanquished Creatures (others)
  An orc wizard (D:6)
1 creature vanquished.

Grand Total: 294 creatures vanquished

Notes
Turn   | Place    | Note
-------+----------+-------------------------------------------
     0 | D:1      | paavali the Gargoyle Fighter began the quest for the Orb.
     0 | D:1      | Reached XP level 1. HP: 14/14 MP: 1/1
    60 | D:1      | Reached XP level 2. HP: 14/19 MP: 2/2
   681 | D:2      | Reached XP level 3. HP: 23/23 MP: 3/3
   832 | D:2      | Reached XP level 4. HP: 22/28 MP: 4/4
   993 | D:2      | Reached XP level 5. HP: 30/32 MP: 5/5
  2030 | D:3      | Noticed Robin
  2049 | D:3      | Killed Robin
  2051 | D:3      | Reached skill level 5 in Axes
  2397 | D:3      | Reached XP level 6. HP: 36/38 MP: 6/6
  2515 | D:3      | Found a faded altar of an unknown god.
  2700 | D:4      | Reached skill level 4 in Fighting
  3086 | D:4      | Found a glowing silver altar of Zin.
  3089 | D:4      | Found a shimmering altar of Xom.
  3093 | D:4      | Found an ancient bone altar of Kikubaaqudgha.
  3291 | D:5      | Entered Level 5 of the Dungeon
  3405 | D:4      | Reached XP level 7. HP: 21/43 MP: 7/7
  3662 | D:5      | Found a broken altar of Ashenzari.
  3762 | D:5      | Found a staircase to the Ecumenical Temple.
  3782 | D:5      | Noticed Duvessa
  3784 | D:5      | Noticed Dowan
  3791 | Temple   | Entered the Ecumenical Temple
  3804 | Temple   | Became a worshipper of Warmaster Okawaru
  3828 | D:5      | Killed Duvessa
  3829 | D:5      | Killed Dowan
  4130 | D:6      | Reached skill level 5 in Fighting
  4265 | D:5      | Reached XP level 8. HP: 16/50 MP: 8/8
  4426 | D:6      | Noticed a yak
  4427 | D:6      | Noticed a yak
  4427 | D:6      | Noticed a yak
  4437 | D:6      | Noticed a yak
  4448 | D:5      | Killed a yak
  4448 | D:5      | Reached * piety under Okawaru
  4449 | D:5      | Reached skill level 5 in Armour
  4473 | D:6      | Reached skill level 6 in Fighting
  4473 | D:6      | Found a white marble altar of Elyvilon.
  4490 | D:6      | Found Siratuich's Antique Weapon Emporium.
  4514 | D:6      | Reached skill level 1 in Invocations
  4597 | D:6      | Killed a yak
  4597 | D:6      | Reached ** piety under Okawaru
  4614 | D:6      | Killed a yak
  4615 | D:6      | Killed a yak
  4616 | D:6      | Reached skill level 7 in Fighting
  4616 | D:6      | Reached XP level 9. HP: 35/57 MP: 9/11
  4883 | D:6      | Found a shimmering blue altar of Sif Muna.
  5028 | D:6      | Noticed Maggie
  5048 | D:6      | Killed Maggie
  5160 | D:6      | Found a sparkling altar of Nemelex Xobeh.
  5269 | D:7      | Reached *** piety under Okawaru
  5301 | D:7      | Reached skill level 8 in Fighting
  5366 | D:7      | Noticed a hornet
  5370 | D:7      | Reached skill level 5 in Invocations
  5378 | D:7      | Killed a hornet
  5537 | D:7      | Identified the +0 plate armour of the Lair of Beasts {Fly
                  | rC+ Str+3}
  5550 | D:7      | Found Neulleig's Antique Weapon Emporium.
  5601 | D:7      | Found a radiant altar of Vehumet.
  5657 | D:7      | Found Vuclei's Weapon Shop.
  5828 | D:8      | Reached **** piety under Okawaru
  5829 | D:8      | Reached XP level 10. HP: 49/65 MP: 14/14
  6029 | D:8      | Reached skill level 9 in Fighting
  6397 | D:8      | Found a hide-covered altar of Uskayaw.
  6499 | D:8      | Noticed Psyche
  6509 | D:8      | Paralysed by something for 1 turns
  6541 | D:8      | Killed Psyche
  7021 | D:9      | Noticed Pikel
  7029 | D:9      | Killed Pikel
  7029 | D:9      | Reached ***** piety under Okawaru
  7339 | D:9      | Reached skill level 10 in Fighting
  7421 | D:9      | Received a gift from Okawaru
  7698 | D:10     | Entered Level 10 of the Dungeon
  7931 | D:10     | Reached XP level 11. HP: 72/73 MP: 17/17
  7932 | D:10     | Reached skill level 10 in Axes
  8153 | D:10     | Noticed a cyan ugly thing
  8185 | D:10     | Killed a cyan ugly thing
  8323 | D:10     | Found an ornate altar of the Wu Jian Council.
  8378 | D:10     | Received a gift from Okawaru
  8721 | D:10     | Reached skill level 11 in Fighting
  8797 | D:10     | Found a sacrificial altar of Ru.
  9294 | D:11     | Noticed a cyclops
  9307 | D:11     | Killed a cyclops
  9457 | D:11     | Found a staircase to the Orcish Mines.
  9661 | D:11     | Noticed a death yak
  9696 | D:11     | Noticed a death yak
  9721 | D:11     | Received a gift from Okawaru
  9831 | D:11     | Noticed a death yak
  9842 | D:11     | Noticed a soul eater
  9849 | D:11     | Noticed a death yak
  9849 | D:11     | Noticed a death yak
  9849 | D:11     | Noticed a death yak
  9849 | D:11     | Noticed a death yak
  9849 | D:11     | Noticed a death yak
  9849 | D:11     | Noticed a death yak
  9850 | D:11     | Noticed a death yak
 10086 | D:11     | Killed a death yak
 10087 | D:11     | Reached skill level 10 in Invocations
 10089 | D:11     | Killed a death yak
 10089 | D:11     | Reached ****** piety under Okawaru
 10090 | D:11     | Reached skill level 12 in Fighting
 10094 | D:11     | Killed a death yak
 10095 | D:11     | Reached XP level 12. HP: 49/81 MP: 19/19
 10111 | D:11     | Killed a death yak
 10119 | D:11     | Killed a death yak
 10520 | D:11     | Killed a death yak
 10537 | D:11     | Killed a death yak
 10551 | D:11     | Killed a death yak
 10552 | D:11     | Reached skill level 13 in Fighting
 10554 | D:11     | Killed a death yak
 10556 | D:11     | Killed a death yak
 10634 | D:11     | Found a staircase to the Lair.
 11243 | D:11     | Noticed a two-headed ogre
 11249 | D:11     | Killed a two-headed ogre
 11249 | D:11     | Received a gift from Okawaru
 11335 | D:11     | Noticed a two-headed ogre
 11342 | D:11     | Killed a two-headed ogre
 11923 | D:12     | Found a runed translucent gate.
 11923 | D:12     | Found a runed translucent gate.
 11923 | D:12     | Found a runed translucent gate.
 11933 | D:12     | Noticed a two-headed ogre
 11945 | D:12     | Killed a two-headed ogre
 12068 | D:12     | Noticed Yhoug's ghost (journeyman MiFi)
 12068 | D:12     | Noticed Tiptad's ghost (journeyman OnCA)
 12160 | D:12     | Received a gift from Okawaru
 12329 | D:12     | Reached skill level 14 in Fighting
 12422 | D:12     | Mangled by a skeletal warrior

Illustrated notes

Levels and vault maps discovered:
D:1:      onia_arrival_pyramid, layout_loops_ring, dreamdust_mushroom_princess
D:2:      layout_basic, grunt_ministairs_4, minmay_quantized
D:3:      layout_basic, ebering_ecumenical_altar_abandoned, nicolae_wormholes,
          uniq_robin
D:4:      layout_rooms, grunt_temple_overflow_diamond,
          serial_library_hellmonk_long_bookcase, chequers_arboretum,
          hangedman_decor_growths, chequers_serial_rivers_large_a
D:5:      layout_rooms, nicolae_ashenzari_panopticon, minmay_temple_entry_ruins,
          uniq_duvessa
D:6:      layout_cave_pools, elyvilon_altar_5, nemelex_diamond_rough_becter,
          kennysheep_orc_sif_temple, serial_shops, nicolae_shop_hallway_plus,
          uniq_maggie
D:7:      layout_basic, nicolae_vehumet_radiance, serial_shops, shop, shop
D:8:      minmay_inner_zag, layout_loops_cross, amcnicky_altar_gilded,
          uniq_psyche
D:9:      layout_roguey, uniq_pikel
D:10:     layout_stronghold, general_overflow_altar,
          mainiacjoe_overflow_chevrons
D:11:     dreamdust_cave_troll, layout_basic, dpeg_lair_monsters, erik_orc_3
D:12:     layout_loops_ring, gammafunk_ghost_cemetery, serial_co_window_serial,
          co_window_paths_a, co_window_corner_a, co_window_paths_a,
          co_window_paths_b, co_window_paths_a, co_window_paths_a,
          co_window_paths_a, co_window_of_opportunity_c, co_window_corner_b,
          co_window_cross_4, co_window_corner_ca, co_window_of_opportunity_b,
          glass_columns_a, glass_columns_b
Temple:   nicolae_temple_ecumenical_triangle

Skill      XL: |  1  2  3  4  5  6  7  8  9 10 11 12 |
---------------+-------------------------------------+-----
Axes           | 2 3 4 5 6 7 8 9 11 12 | 12.7
Fighting       | 4 5 7 8 10 12 14 | 14.0
Shields        | 4 |  4.0
Armour         | 4 5 |  5.0
Invocations    | 3 6 8 10 | 10.0

Action                     |  1- 3 |  4- 6 |  7- 9 | 10-12 || total
---------------------------+-------+-------+-------+-------++-------
  Melee: War axe           |    83 |   185 |    37 |   236 ||   541
         Dagger            |       |       |    31 |       ||    31
         Hand axe          |       |       |   180 |   469 ||   649
         Unarmed           |       |       |       |     2 ||     2
 Invoke: Heroism           |       |       |       |     6 ||     6
  Evoke: Wand              |       |       |       |     9 ||     9
    Use: Scroll            |       |     6 |     9 |     5 ||    20
         Potion            |       |       |     1 |       ||     1
 Armour: Scale mail        |    71 |       |       |       ||    71
         Chain mail        |    15 |   217 |   187 |       ||   419
         Plate armour      |       |       |     9 |   443 ||   452
         Skin              |       |       |       |     6 ||     6
  Dodge: Dodged            |    59 |    87 |    67 |   309 ||   522
  Block: Buckler           |    18 |    48 |    42 |   123 ||   231

Table legend: (Time is in decaauts)
 A = Elapsed time spent in this place.
 B = Non-inter-level travel time spent in this place.
 C = Inter-level travel time spent in this place.
 D = Time resting spent in this place.
 E = Time spent auto-exploring this place.
 F = Levels seen in this place.
 G = Mean time per level.
                   A        B        C        D        E       F      G
               +--------+--------+--------+--------+--------+-----+--------+
         Total |  12397 |  12023 |    374 |   2134 |   7288 |  13 |  953.6 |
       Dungeon |  12370 |  12009 |    361 |   2134 |   7288 |  12 | 1030.8 |
        Temple |     26 |     13 |     13 |      0 |      0 |   1 |   26.0 |
               +--------+--------+--------+--------+--------+-----+--------+

Top non-repeatable levels by time:
    D:11: 2597 daAuts
    D:10: 1355 daAuts
     D:8: 1204 daAuts
     D:2: 1179 daAuts
     D:6: 929 daAuts
     D:3: 917 daAuts
     D:5: 911 daAuts
     D:4: 793 daAuts
    D:12: 683 daAuts
     D:9: 661 daAuts
     D:1: 622 daAuts
     D:7: 513 daAuts
  Temple: 26 daAuts
